 Dungeon Crawl Stone Soup version 0.31.0-11-ge490571c62 (webtiles) character file.

Game seed: 18068356393571710967

213 qw the Shooter (level 5, 0/26 HPs)
             Began as a Spriggan Hunter on Feb 3, 2024.
             Slain by Grinder (4 damage)
             ... on level 3 of the Dungeon.
             The game lasted 00:00:06 (1714 turns).

qw the Shooter (Spriggan Hunter)                    Turns: 1714, Time: 00:00:06

Health: 0/26       AC:  2    Str:  7    XL:     5   Next: 59%
Magic:  6/6        EV: 21    Int: 10    God:
Gold:   91         SH:  0    Dex: 21    Spells: 4/4 levels left

rFire   . . .        a - +0 shortbow
rCold   . . .        (shield currently unavailable)
rNeg    . . .        c - +0 robe
rPois   .            (helmet restricted)
rElec   .            (no cloak)
rCorr   .            (gloves unavailable)
SInv    +            (boots unavailable)
Will    .....        (no amulet)
Stlth   ++           (no ring)
HPRegen 0.24/turn    (no ring)
MPRegen 0.10/turn

%: no passive effects
@: very quick
A: very small, no large weapons, unfitting armour, see invisible, speed 3
a: no special abilities


You were on level 3 of the Dungeon.
You visited 1 branch of the dungeon, and saw 3 of its levels.

You collected 91 gold pieces.


Innate Abilities, Weirdness & Mutations

You are very small and have problems with some larger weapons.
You are too small for most types of armour.
You have supernaturally acute eyesight. (SInv)
You cover ground extremely quickly. (Speed+++)


   Skills:
 - Level 2.0 Fighting
 + Level 5.7 Ranged Weapons
 - Level 5.3 Dodging
 - Level 1.5 Stealth


You had 4 spell levels left.
You didn't know any spells.
Your spell library was empty.

Inventory:

Hand Weapons
 a - a +0 shortbow (weapon)
Armour
 c - a +0 robe (worn)
Potions
 f - a potion of haste {unknown}
 h - 2 potions of curing
 i - a potion of heal wounds {unknown}

Dungeon Overview and Level Annotations

Branches:
Dungeon (3/15)

Altars:

Annotations:
D:3 Grinder


Message History

You kill the rat!
You see here a manual of Long Blades.
A rat comes into view.
You shoot an arrow. The arrow barely misses the rat.
The rat squeaks loudly.
Grinder comes into view.
You shoot an arrow.
Grinder shouts!
The arrow hits the rat!
You kill the rat!
You shoot an arrow.
The arrow hits Grinder but does no damage.
Grinder blinks!
You shoot an arrow. The arrow hits Grinder.
Grinder is lightly wounded.
You shoot an arrow. The arrow hits Grinder.
Grinder is lightly wounded.
Grinder closely misses you.
You shoot an arrow. The arrow hits Grinder.
Grinder is moderately wounded.
Grinder closely misses you. Grinder gestures at you.
You resist with some effort.
You shoot an arrow. The arrow hits Grinder.
Grinder is moderately wounded.
Grinder hits you!
You writhe in agony.
You shoot an arrow. The arrow closely misses Grinder.
Grinder blinks!
You shoot an arrow. The arrow hits Grinder.
Grinder is moderately wounded.
You shoot an arrow. The arrow hits Grinder.
Grinder is heavily wounded.
You shoot an arrow.
The arrow hits Grinder but does no damage.
Grinder is heavily wounded.
You shoot an arrow. The arrow barely misses Grinder.
Grinder says, "Wait up."
Grinder hits you!
You writhe in agony.
You die...
Grinder says, "Hey, I wasn't done torturing you yet!"

........###..#)..#######
........###%###.........
........#.............^.
........#..........#....
..(.....#........###.###
.....................#
................:#####
........5# .##.####@#
........# .#.###...
##.## #.# #.# ... ...


You could see Grinder.

Vanquished Creatures
  Jessica (D:2)
  Terence (D:2)
  Natasha (thrice) (D:2)
  Robin (D:2)
  2 adders
  A bat (D:2)
  4 endoplasms
  2 giant cockroaches (D:2)
  11 goblins
  8 hobgoblins
  3 jackals (D:1)
  2 quokkas
  8 ball pythons
  2 frilled lizards
  5 kobolds
  4 rats
58 creatures vanquished.

Notes
Turn   | Place    | Note
-------+----------+-------------------------------------------
     0 | D:1      | qw the Spriggan Hunter began the quest for the Orb.
     0 | D:1      | Reached XP level 1. HP: 10/10 MP: 2/2
     0 | D:1      | 0 ||| qw: Version: 0.3-a-157-g843a77d
     0 | D:1      | 0 ||| qw: Game counter: 3590
     0 | D:1      | 0 ||| qw: Melee chars always use a shield: true
     0 | D:1      | 0 ||| qw: God list: Okawaru
     0 | D:1      | 0 ||| qw: Allow faded altars: false
     0 | D:1      | 0 ||| qw: Do Orc after clearing Dungeon:15 true
     0 | D:1      | 0 ||| qw: Do second Lair branch before Depths: true
     0 | D:1      | 0 ||| qw: Lair rune preference: random
     0 | D:1      | 0 ||| qw: Goals: Normal
     0 | D:1      | 0 ||| PLANNING D:1-11
    61 | D:1      | Reached skill level 3 in Dodging
   123 | D:1      | Reached XP level 2. HP: 10/14 MP: 3/3
   218 | D:1      | Found a faded altar of an unknown god.
   753 | D:1      | 753 ||| READING scroll labelled DUFUSS KAFFY.
   757 | D:1      | 757 ||| READING scroll labelled DEQAZIXISS.
   758 | D:1      | 758 ||| DRINKING 2 clear potions.
   759 | D:1      | 759 ||| DROPPING scroll of butterflies.
   760 | D:1      | 760 ||| DROPPING potion of degeneration.
   773 | D:2      | Noticed Natasha
   778 | D:2      | Killed Natasha
   779 | D:2      | Reached XP level 3. HP: 7/18 MP: 4/4
   879 | D:2      | Noticed Terence
   890 | D:2      | Killed Terence
   891 | D:2      | Reached XP level 4. HP: 22/22 MP: 5/5
   915 | D:2      | Noticed Natasha
   922 | D:2      | Killed Natasha
   986 | D:2      | Noticed Natasha
   991 | D:2      | Killed Natasha
   994 | D:2      | Reached XP level 5. HP: 24/26 MP: 6/6
  1465 | D:2      | Noticed Robin
  1472 | D:2      | Killed Robin
  1560 | D:2      | Noticed Jessica
  1567 | D:2      | Killed Jessica
  1618 | D:2      | 1618 ||| READING scroll labelled JOIFULENGI.
  1618 | D:2      | 1618 ||| IDENTIFYING fuming purple potion
  1619 | D:2      | 1619 ||| READING scroll labelled REAFODOXUIM.
  1620 | D:2      | 1620 ||| DRINKING 3 fizzy green potions.
  1621 | D:2      | 1621 ||| DROPPING potion of magic.
  1672 | D:3      | 1672 ||| PLANNING SEWER
  1703 | D:3      | Noticed Grinder
  1714 | D:3      | HP: 4/26 [Grinder (10)]
  1714 | D:3      | Slain by Grinder

Levels and vault maps discovered:
D:1:      amcnicky_arrival_flooded_fountain, layout_basic,
          shapermc_ecumenical_altar_notcrosses, serial_aquarium,
          aquarium_bridge_straight [aquarium_subvault_bridge,
          aquarium_subvault_balcony, aquarium_subvault_bridge,
          aquarium_subvault_balcony], aquarium_bridge_straight
          [aquarium_subvault_bridge, aquarium_subvault_window,
          aquarium_subvault_bridge, aquarium_subvault_window],
          aquarium_window_fake, aquarium_window_3, aquarium_view_2b,
          aquarium_view_2c, minmay_statues_item
D:2:      minmay_chambers_of_ones, layout_basic, minmay_tromino_i2,
          uniq_jessica, uniq_terence, uniq_robin, uniq_natasha
D:3:      layout_rooms, fedhas_altar_4, gup_sewer_entry_spiral, uniq_grinder

Skill      XL: |  1  2  3  4  5 |
---------------+----------------+-----
Dodging        | 3 4 5 |  5.3
Ranged Weapons | 5 |  5.7
Fighting       | 2 |  2.0
Stealth        | |  1.5

Action                     |  1- 3 |  4- 6 || total
---------------------------+-------+-------++-------
   Fire: Shortbow          |    71 |    92 ||   163
    Use: Scroll            |     2 |     2 ||     4
         Potion            |     1 |     1 ||     2
 Armour: Robe              |    13 |     7 ||    20
  Dodge: Dodged            |    32 |    24 ||    56

Table legend:
 A = Non-vault XP
 B = Vault XP
 C = Vault XP percentage of total XP
 D = Non-vault monster count
 E = Vault monster count
 F = Vault count percentage of total count
                 A         B        C        D         E       F
            +---------+---------+-------+---------+---------+-------
      Total |     153 |     152 |  49.8 |      39 |      19 |  32.8
            +---------+---------+-------+---------+---------+-------
        D:1 |      26 |       0 |   0.0 |      16 |       0 |   0.0
        D:2 |     110 |     152 |  58.0 |      19 |      19 |  50.0
        D:3 |      17 |       0 |   0.0 |       4 |       0 |   0.0
            +---------+---------+-------+---------+---------+-------
